 Dungeon Crawl Stone Soup version 0.30-a0-760-g5a9884bb7c (webtiles) character file.

Game seed: 13176787862717307143

161 Dittersdorf the Covered (level 5, -12/33 HPs)
             Began as a Gargoyle Fighter on Feb 10, 2023.
             Mangled by an ogre
             ... wielding a +0 giant spiked club
              (15 damage)
             ... on level 3 of the Dungeon.
             The game lasted 00:02:49 (2752 turns).

Dittersdorf the Covered (Gargoyle Fighter)          Turns: 2752, Time: 00:02:50

Health: -12/33     AC: 14    Str: 22    XL:     5   Next: 42%
Magic:  5/5        EV:  7    Int:  8    God:
Gold:   123        SH:  4    Dex:  9    Spells: 4/4 levels left

rFire   . . .      SeeInvis +    a - +0 flail
rCold   . . .      Faith    .    c - +0 buckler
rNeg    + . .      Spirit   .    s - +0 chain mail
rPois   ∞          Reflect  .    r - +0 helmet
rElec   +          Harm     .    (no cloak)
rCorr   .          Rampage  .    (no gloves)
Will    .....                    (no boots) Stlth
                                 (no amulet)
HPRegen 0.25/turn                g - ring of see invisible
MPRegen 0.09/turn                (no ring)

@: no status effects
A: sickness immunity, AC +4, negative energy resistance 1, electricity
resistance, torment resistance 1, petrification resistance
a: no special abilities


You were on level 3 of the Dungeon.
You visited 1 branch of the dungeon, and saw 4 of its levels.

You collected 123 gold pieces.

Inventory:

Hand Weapons
 a - a +0 flail (weapon)
Missiles
 q - 4 poisoned darts (quivered)
Armour
 c - a +0 buckler (worn)
 r - a +0 helmet (worn)
 s - a +0 chain mail (worn)
Jewellery
 g - a ring of see invisible (left hand)
Scrolls
 h - 3 scrolls of fear {unknown}
 i - a scroll of immolation {unknown}
 j - 2 scrolls of vulnerability {unknown}
 l - a scroll of enchant weapon {unknown}
 m - a scroll of blinking {unknown}
 o - 2 scrolls of teleportation {unknown}
Potions
 b - a potion of cancellation {unknown}
 d - 2 potions of might
 e - a potion of haste
 n - 2 potions of curing
 p - a potion of magic


   Skills:
 + Level 4.3 Fighting
 + Level 3.2 Maces & Flails
 + Level 4.3 Armour
 + Level 4.2 Shields


You had 4 spell levels left.
You didn't know any spells.
Your spell library contained the following spells:

 Spells                   Type           Power      Damage    Failure   Level
 Summon Forest            Summ/Tloc      0%         N/A       100%        5
 Summon Mana Viper        Hex/Summ       0%         N/A       100%        5
 Summon Cactus Giant      Summ           0%         N/A       100%        6


Dungeon Overview and Level Annotations

Branches:
Dungeon (4/15)
 Temple: D:4-7

Altars:
Elyvilon
Vehumet

Shops:
D:3 (

Annotations:
D:2 1 runed translucent door, Crazy Yiuf


Innate Abilities, Weirdness & Mutations

You are immune to sickness and miasma.
Your stone body is resilient. (AC +4)
You are immune to poison.
You resist negative energy. (rN+)
You are resistant to electric shocks. (rElec)
You are resistant to unholy torment.
You are immune to petrification.


Message History

The ogre hits you with a +0 giant spiked club!!
Ouch! That really hurt!
* * * LOW HITPOINT WARNING * * *
There is a stone staircase leading up here.
You see here a potion of degeneration.
The orc hits you but does no damage. The ogre barely misses you.
You climb upwards.
There is a stone staircase leading down here.
You hit the orc.
The orc is heavily wounded.
The orc hits you with a +0 dagger.
* * * LOW HITPOINT WARNING * * *
You closely miss the orc.
The orc is heavily wounded.
You block the orc's attack. You block the ogre's attack.
The orc hits you but does no damage.
You closely miss the orc.
The orc is heavily wounded.
You block the ogre's attack. The orc hits you but does no damage.
You closely miss the orc.
The orc is heavily wounded.
The orc hits you but does no damage. The ogre barely misses you.
You completely miss the orc.
The orc is heavily wounded.
The orc hits you but does no damage. The ogre barely misses you.
You closely miss the orc.
The orc is heavily wounded.
The orc hits you but does no damage.
You hit the orc.
The orc is almost dead.
The orc barely misses you. The ogre barely misses you.
The orc hits you but does no damage.
You closely miss the orc.
The orc is almost dead.
The ogre barely misses you. The orc hits you with a +0 dagger.
* * * LOW HITPOINT WARNING * * *
You hit the orc.
You kill the orc!
The ogre hits you with a +0 giant spiked club!
You die...

########...#.#
#.###.##...###
........<#...###.###.###.##
#####.........#...##.###.##
..............<...........#
#####.........#...##.###.##
########.....###.###.# ###
.....................#
.#######....####)##### .#
####.# #@# ## #.####O# #
#......# ########


You could see an ogre.

Vanquished Creatures
  Natasha (twice) (D:3)
  Robin (D:3)
  3 adders
  3 worms
  2 dart slugs (D:2)
  3 orcs (D:3)
  An endoplasm (D:3)
  A giant cockroach (D:3)
  13 goblins
  9 hobgoblins
  3 jackals (D:1)
  4 kobolds
  A quokka (D:2)
  2 ball pythons (D:3)
  3 bats
  8 frilled lizards
  4 rats
63 creatures vanquished.

Vanquished Creatures (others)
  A hobgoblin (D:2)
  2 fungi (D:2)
3 creatures vanquished.

Grand Total: 66 creatures vanquished

Notes
Turn   | Place    | Note
-------+----------+-------------------------------------------
     0 | D:1      | Dittersdorf the Gargoyle Fighter began the quest for the
                  | Orb.
     0 | D:1      | Reached XP level 1. HP: 14/14 MP: 1/1
   609 | D:1      | Reached XP level 2. HP: 19/19 MP: 2/2
  1120 | D:2      | Reached XP level 3. HP: 19/23 MP: 3/3
  1429 | D:2      | Found a white marble altar of Elyvilon.
  1617 | D:2      | Found a runed translucent door.
  1618 | D:2      | Noticed Crazy Yiuf
  1680 | D:2      | Reached XP level 4. HP: 6/29 MP: 4/4
  1839 | D:3      | Found a radiant altar of Vehumet.
  2027 | D:3      | Noticed Robin
  2065 | D:3      | Killed Robin
  2367 | D:3      | Noticed Natasha
  2367 | D:3      | Found Wot Gif's Weapon Boutique.
  2381 | D:3      | Killed Natasha
  2382 | D:3      | Reached XP level 5. HP: 33/33 MP: 5/5
  2538 | D:3      | Noticed Natasha
  2551 | D:3      | Killed Natasha
  2722 | D:4      | Noticed an ogre
  2752 | D:3      | Mangled by an ogre

Illustrated notes

Levels and vault maps discovered:
D:1:      minmay_arrival_four_circles, layout_basic
D:2:      layout_basic, basic_altar, minmay_lizard_pond, uniq_crazy_yiuf_cottage
D:3:      layout_loops_ring, vehumet_crystals, serial_shops,
          nicolae_lakefront_shop, kennysheep_generic_room_3, uniq_robin,
          uniq_natasha
D:4:      gammafunk_wand_slinger, layout_cave_pools, kennysheep_little_box,
          nicolae_qazlal_general_emergency

Skill      XL: |  1  2  3  4 |
---------------+-------------+-----
Armour         | 4 |  4.3
Fighting       | 4 |  4.3
Shields        | 4 |  4.2
Maces & Flails | 3 |  3.2

Action                     |  1- 3 |  4- 6 || total
---------------------------+-------+-------++-------
  Melee: Flail             |   138 |   116 ||   254
    Use: Scroll            |       |     4 ||     4
 Armour: Scale mail        |    84 |    47 ||   131
         Chain mail        |       |    30 ||    30
  Dodge: Dodged            |    66 |    61 ||   127
  Block: Buckler           |    32 |    23 ||    55

Table legend: (Time is in decaauts)
 A = Elapsed time spent in this place.
 B = Non-inter-level travel time spent in this place.
 C = Inter-level travel time spent in this place.
 D = Time resting spent in this place.
 E = Time spent auto-exploring this place.
 F = Levels seen in this place.
 G = Mean time per level.
                   A        B        C        D        E       F      G
               +--------+--------+--------+--------+--------+-----+--------+
         Total |   2860 |   2671 |    189 |    192 |   1907 |   4 |  715.0 |
       Dungeon |   2860 |   2671 |    189 |    192 |   1907 |   4 |  715.0 |
               +--------+--------+--------+--------+--------+-----+--------+

Top non-repeatable levels by time:
     D:1: 1110 daAuts
     D:3: 1017 daAuts
     D:2: 700 daAuts
     D:4: 32 daAuts
